 Dungeon Crawl Stone Soup version 0.28.0-47-ge53b351184 (webtiles) character file.

Game seed: 13206780996627463646

44 Allula97 the Grasshopper (level 3, -9/28 HPs)
             Began as a Demonspawn Warper on May 8, 2022.
             Mangled by an ogre
             ... wielding a +0 giant club
              (17 damage)
             ... on level 4 of the Dungeon.
             The game lasted 00:04:33 (2149 turns).

Allula97 the Grasshopper (Demonspawn Warper)        Turns: 2149, Time: 00:04:34

Health: -9/28      AC:  4    Str: 11    XL:     3   Next: 39%
Magic:  6/6        EV: 12    Int: 14    God:
Gold:   69         SH:  0    Dex: 14    Spells: 4/6 levels left

rFire   . . .      SeeInvis .     - Unarmed
rCold   . . .      Faith    .   (no shield)
rNeg    . . .      Spirit   .   b - +0 leather armour
rPois   .          Reflect  .   (no helmet)
rElec   .          Harm     .   g - +0 cloak
rCorr   .          Rampage  .   (no gloves)
Will    .....                   (no boots)
Stlth   +.........              (no amulet)
HPRegen 0.09/turn               (no ring)
MPRegen 0.10/turn               (no ring)

@: no status effects
A: hooves 1, weakness stinger 1
a: no special abilities


You were on level 4 of the Dungeon.
You visited 1 branch of the dungeon, and saw 3 of its levels.

You collected 89 gold pieces.
You spent 20 gold pieces at shops.

Inventory:

Hand Weapons
 a - a +0 short sword
 f - a +0 dagger
 h - a +1 dagger of speed
Armour
 b - a +0 leather armour (worn)
 g - a +0 cloak (worn)
Jewellery
 l - a ring of protection from fire
Scrolls
 c - a scroll of blinking
 e - a scroll of immolation
 i - a scroll of amnesia {unknown}
 j - a scroll of torment {unknown}
 k - 2 scrolls of enchant weapon {unknown}
 m - a scroll of teleportation


   Skills:
 * Level 2.3 Fighting
 - Level 1.8 Short Blades
 - Level 0.8 Throwing
 + Level 1.2 Armour
 * Level 2.1 Dodging
 * Level 1.0 Stealth
 * Level 1.0 Unarmed Combat
 * Level 2.1 Spellcasting
 + Level 2.8 Translocations


You had 4 spell levels left.
You knew the following spells:

 Your Spells              Type           Power      Damage    Failure   Level
a - Blink                 Tloc           18%        N/A       14%         2

Your spell library contained the following spells:

 Spells                   Type           Power      Damage    Failure   Level
 Gell's Gravitas          Tloc           9%         N/A       28%         3
 Lesser Beckoning         Tloc           9%         N/A       28%         3
 Teleport Other           Tloc           9%         N/A       28%         3
 Sandblast                Erth           2%         2d4       30%         1
 Manifold Assault         Tloc           9%         N/A       95%         5


Dungeon Overview and Level Annotations

Branches:
Dungeon (2/15)

Altars:

Shops:
D:2 [*

Annotations:
D:2 Robin


Innate Abilities, Weirdness & Mutations

You have large cloven feet.
You have a small tail.


Message History

Found a ring mail.
An ogre comes into view. It is wielding a +0 giant club.
A hobgoblin comes into view.
Found a scroll of blinking, 10 gold pieces and a scroll labelled KAPTIPR OQOWN.
The hobgoblin shouts!
The ogre shouts!
Found a stone staircase leading down.
The ogre hits you with a +0 giant club!!
Ouch! That really hurt!
Throw: 4 boomerangs (disperse)
Press: ? - help, Q - select action, (/) - cycle Shift-Dir - straight line, f - ogre
Aim: an ogre, wielding a +0 giant club (74% to hit)
You throw a boomerang of dispersal.
The boomerang of dispersal hits the ogre.
The ogre blinks!
The ogre is lightly wounded.
Throw: 3 boomerangs (disperse)
Press: ? - help, Q - select action, (/) - cycle Shift-Dir - straight line, f/p - ogre
Aim: an ogre, wielding a +0 giant club (lightly wounded, 74% to hit)
You throw a boomerang of dispersal.
The boomerang of dispersal hits the ogre!
The ogre blinks!
The ogre is moderately wounded.
Throw: 2 boomerangs (disperse)
Press: ? - help, Q - select action, (/) - cycle Shift-Dir - straight line, f/p - ogre
Aim: an ogre, wielding a +0 giant club (moderately wounded, 74% to hit)
You throw a boomerang of dispersal.
The boomerang of dispersal completely misses the ogre.
The boomerang of dispersal barely misses the hobgoblin.
The ogre hits you with a +0 giant club.
* * * LOW HITPOINT WARNING * * *
Throw: boomerang (disperse)
Press: ? - help, Q - select action, (/) - cycle Shift-Dir - straight line, f/p - ogre
Aim: an ogre, wielding a +0 giant club (moderately wounded, 74% to hit)
You throw a boomerang of dispersal.
The boomerang of dispersal closely misses the ogre.
The boomerang of dispersal barely misses the hobgoblin.
The ogre hits you with a +0 giant club!
Ouch! That really hurt!
You die...

# #.## ### ####.#
..# #....########
#.# #.##........# #
#.#
#.#########.####.#.#
#.# #.# #........?
#.# #.# #.g....[g?
#.# #.# ##O#?....$
#.# #.# #@#.#.##.
#.# #.# #.# # # #.#
#.####### #.#
#.###........ #.#
#............ #ยง#
############# ...
... #.# #>.


You could see an ogre and a hobgoblin.

Vanquished Creatures
  A dart slug (D:4)
  An endoplasm (D:4)
  9 goblins
  7 hobgoblins
  4 jackals (D:1)
  A kobold (D:2)
  A quokka (D:1)
  A ball python (D:1)
  A bat (D:1)
  4 frilled lizards
  8 rats
38 creatures vanquished.

Vanquished Creatures (others)
  A fungus (D:2)
  A plant (D:2)
2 creatures vanquished.

Grand Total: 40 creatures vanquished

Notes
Turn   | Place    | Note
-------+----------+-------------------------------------------
     0 | D:1      | Allula97 the Demonspawn Warper began the quest for the Orb.
     0 | D:1      | Reached XP level 1. HP: 16/16 MP: 3/3
   272 | D:1      | Reached skill level 1 in Armour
   583 | D:1      | Discovered your monstrous ancestry.
   583 | D:1      | Gained mutation: You have large cloven feet. [demonic
                  | ancestry]
   583 | D:1      | Reached XP level 2. HP: 18/22 MP: 5/5
  1275 | D:2      | Learned a level 2 spell: Blink
  1304 | D:2      | Found Sofir's Antique Armour Emporium.
  1340 | D:2      | Found Qiuvat Poupe's General Store.
  1361 | D:2      | Bought a scroll of identify for 20 gold pieces
  1482 | D:2      | Gained mutation: You have a small tail. [demonic ancestry]
  1482 | D:2      | Reached XP level 3. HP: 16/27 MP: 6/6
  1515 | D:2      | Found a faded altar of an unknown god.
  1524 | D:2      | Got Plato's Tome of the Mountains
  1704 | D:2      | Noticed Robin
  2066 | D:2      | You fall into a shaft and drop 2 floors!
  2074 | D:4      | Reached skill level 1 in Stealth
  2074 | D:4      | Reached skill level 1 in Unarmed Combat
  2140 | D:4      | Noticed an ogre
  2149 | D:4      | Mangled by an ogre

Illustrated notes

Levels and vault maps discovered:
D:1:      psy_arrival_whirlpool, layout_loops_ring,
          nicolae_concentric_dashed_squares_mild
D:2:      layout_loops_cross, shapermc_ecumenical_altar_rom_forum, serial_shops,
          shop, shop_fountains, nicolae_shop_stone, uniq_robin
D:4:      layout_loops_ring, nicolae_overflow_squiral, gammafunk_ghost_arena

Skill      XL: |  1  2  3 |
---------------+----------+-----
Armour         | 1 |  1.2
Dodging        | 2 |  2.1
Stealth        | 1 |  1.0
Unarmed Combat | 1 |  1.0
Fighting       | |  2.3
Short Blades   | |  1.8
Throwing       | |  0.8
Spellcasting   | |  2.1
Translocations | |  2.8

Action                   || total
-------------------------++-------
Melee: Short sword       ||    33
       Unarmed           ||   112
       Kick              ||    30
       Punch             ||     1
       Tailslap          ||     2
Throw: Boomerang         ||     5
 Cast: Blink             ||     1
  Use: Scroll            ||     3
       Potion            ||     1
 Stab: Sleeping          ||     2
Armor: Leather armour    ||    36
Dodge: Dodged            ||    93
